 Dungeon Crawl Stone Soup version 0.27.1-16-g815e20cd7a (webtiles) character file.

Game seed: 13176759683268057557

3333 bearlyready the Covert (level 9, -13/45 HPs)
             Began as a Spriggan Brigand on Nov 21, 2021.
             Was a Priest of Cheibriados.
             Mangled by Harold (20 damage)
             ... on level 7 of the Dungeon on Nov 22, 2021.
             The game lasted 00:17:31 (9199 turns).

bearlyready the Covert (Spriggan Brigand)           Turns: 9199, Time: 00:17:32

Health: -13/45     AC:  3    Str: 13    XL:     9   Next: 71%
Magic:  11/11      EV: 24    Int: 19    God:    Cheibriados [***...]
Gold:   102        SH:  0    Dex: 25    Spells: 8/8 levels left

rFire    + . .     SeeInvis +   a - +2 dagger (venom)
rCold    . . .     Faith    .   (shield restricted)
rNeg     . . .     Spirit   .   f - +0 robe
rPois    .         Reflect  .   (helmet restricted)
rElec    .         Harm     .   c - +0 cloak
rCorr    .         Rampage  .   (gloves unavailable)
Will     +....                  (boots unavailable)
Stlth    ++++++....             (no amulet)
HPRegen  0.15/turn              B - ring of protection from fire
MPRegen  0.12/turn              (no ring)

@: lethally poisoned (-13 -> -56), slow
A: very small, no large weapons, unfitting armour, see invisible, speed 3
a: Renounce Religion, Bend Time, Temporal Distortion


You were on level 7 of the Dungeon.
You worshipped Cheibriados.
Cheibriados was most pleased with you.
You visited 1 branch of the dungeon, and saw 7 of its levels.
You also visited: Ossuary.

You collected 261 gold pieces.
You spent 159 gold pieces at shops.

Inventory:

Hand Weapons
 a - a +2 dagger of venom (weapon)
 b - a +2 hunting sling of freezing
 g - a +2 dagger of venom
 k - a +1 dagger of venom
 m - a +2 dagger
 o - a +0 rapier
Missiles
 d - 8 poisoned darts (quivered)
 h - 183 stones
 u - 41 sling bullets
 v - 11 boomerangs
Armour
 c - a +0 cloak (worn)
 f - a +0 robe (worn)
 s - a +0 leather armour
Jewellery
 B - a ring of protection from fire (left hand)
Wands
 j - a wand of charming (7)
 w - a wand of digging (5)
 C - a wand of acid (3)
 D - a wand of mindburst (7)
 G - a wand of iceblast (14)
Scrolls
 e - a scroll of blinking {unknown}
 l - 5 scrolls of teleportation
 n - a scroll of magic mapping
 t - a scroll of amnesia
 y - 2 scrolls of torment
 F - a scroll of enchant armour {unknown}
Potions
 i - a potion of ambrosia {unknown}
 p - a potion of mutation
 q - a potion of might
 r - 4 potions of curing
 x - 3 potions of haste
 z - 2 potions of degeneration
 A - a potion of heal wounds
 E - a potion of berserk rage {unknown}
 H - a potion of attraction {unknown}


   Skills:
 + Level 4.1 Fighting
 - Level 7.0 Short Blades
 + Level 6.0(6.3) Slings
 - Level 2.0(3.7) Throwing
 + Level 7.3 Dodging
 - Level 12.1 Stealth
 + Level 2.5 Invocations
 + Level 5.0 Evocations


You had 8 spell levels left.
You didn't know any spells.
Your spell library contained the following spells:

 Spells                   Type           Power      Damage    Failure   Level
 Slow                     Hex            0%         N/A       30%         2
 Static Discharge         Conj/Air       0%         N/A       30%         2
 Confusing Touch          Hex            0%         N/A       52%         3
 Lightning Bolt           Conj/Air       0%         1d11      99%         5
 Yara's Violent Unravell  Hex/Tmut       0%         3d3       99%         5
 Maxwell's Capacitive Co  Air            0%         ∞         100%        8


Dungeon Overview and Level Annotations

Branches:
Dungeon (7/15)             Temple (0/1) D:6         Ossuary (visited)

Altars:
Cheibriados

Shops:
D:5 !   D:6 *

Annotations:
D:4 3 runed translucent doors, bearlyready's ghost, novice KoFi; croobank's ghost, weakling DgDe
D:7 Harold


Innate Abilities, Weirdness & Mutations

You are very small and have problems with some larger weapons.
You are too small for most types of armour.
You have supernaturally acute eyesight. (SInv)
You cover ground extremely quickly. (Speed+++)


Message History

Harold is nearby!
Search for what [Enter for "shie", or ? for help]? rap Unknown command.
Harold shouts!
Harold completely misses you.
You hit Harold but do no damage.
Harold hits you with a +0 glaive of venom!
You are poisoned.
Aiming: Charm
Press: ? - help, Shift-Dir - straight line, f - Harold
Aim: Harold, wielding a +0 glaive of venom, wearing a +2 chain mail of fire resistance and quivering 3 throwing nets (chance to affect: 26%)
Okay, then.
Okay, then.
Aiming: Corrosive Bolt
Press: ? - help, Shift-Dir - straight line, f - Harold
Aim: Harold, wielding a +0 glaive of venom, wearing a +2 chain mail of fire resistance and quivering 3 throwing nets (88% to hit)
The bolt of acid hits Harold!
Harold is splashed with acid.
The acid corrodes Harold!
Harold is moderately wounded.
You feel very sick.
Harold hits you with a +0 glaive of venom!!
Ouch! That really hurt!
* * * LOW HITPOINT WARNING * * *
You are more poisoned.
Okay, then.
You feel much better.
You feel very sick.
Harold hits you with a +0 glaive of venom!!
You are more poisoned.
Aiming: Corrosive Bolt
Press: ? - help, Shift-Dir - straight line, f/p - Harold
Aim: Harold, wielding a +0 glaive of venom, wearing a +2 chain mail of fire resistance and quivering 3 throwing nets (moderately wounded, covered in acid, 88% to hit)
The bolt of acid hits Harold!
Harold is splashed with acid.
Harold seems to be corroded for longer.
Harold is heavily wounded.
* * * LOW HITPOINT WARNING * * *
You feel extremely sick.
Harold says, "This is so exciting!
What a great way to end my career!"
Harold hits you with a +0 glaive of venom!!
You die...

#.....<###.#.#).# ###.........#
#......# #.#.#>#####.........###
######.###.#.#.###...###.#....###
#..#....#.##..#####.........
#####............#.......#.#.###
#...#.##.......###.####....#..#
#.....##.....####..# #...###.#
#..........#.####.## #.#.# #.##
#...#######..##@..# #...###..#
#...# #...@.### ###....... #...#
#......## #.####.. ##### #......
#.# #.. #....[.# ### #.. #......
#.. ####### #.. #.. #..


You could see Harold (corroded).

Vanquished Creatures
  Pikel (D:4)
  A shadow (D:6)
  Sigmund (D:2)
  Menkaure (D:7)
  3 water moccasins
  A black bear (D:6)
  2 ice beasts
  2 orc warriors (D:7)
  A necrophage (D:6)
  2 ogres (D:6)
  2 phantoms (D:6)
  A lemure (D:4)
  2 bullfrogs
  3 scorpions
  2 bullfrog zombies (D:6)
  2 centaur zombies
  6 hounds
  A jelly (D:5)
  2 gnoll shamans
  A human zombie (Ossuary)
  2 orc priests
  Crazy Yiuf (D:2)
  A centaur skeleton (D:6)
  2 iguanas
  Ijyb (D:4)
  Terence (D:2)
  Natasha (thrice) (D:3)
  2 orc wizards (D:7)
  A hound zombie (D:5)
  2 mummies (Ossuary)
  A howler monkey zombie (D:6)
  Robin (D:2)
  A howler monkey skeleton (D:7)
  4 adders
  7 gnolls
  A shadow imp (D:5)
  A white imp (D:5)
  2 ufetubi
  2 adder zombies (Ossuary)
  A worm (D:2)
  2 dart slugs
  13 orcs
  10 ball pythons
  7 bats
  5 endoplasms
  4 giant cockroaches
  6 hobgoblins
  2 jackals (D:3)
  7 kobolds
  4 quokkas
  5 frilled lizards
  15 goblins
  2 goblin zombies (Ossuary)
  11 hobgoblin zombies (Ossuary)
  A jackal zombie (Ossuary)
  5 kobold zombies (Ossuary)
  12 orc zombies (Ossuary)
  7 rats
  2 rat zombies (Ossuary)
194 creatures vanquished.

Vanquished Creatures (others)
  A lemure (D:4)
  A gnoll (D:4)
  5 plants
  10 withered plants
17 creatures vanquished.

Grand Total: 211 creatures vanquished

Notes
Turn   | Place    | Note
-------+----------+-------------------------------------------
     0 | D:1      | bearlyready the Spriggan Brigand began the quest for the
                  | Orb.
     0 | D:1      | Reached XP level 1. HP: 10/10 MP: 2/2
    49 | D:1      | Reached skill level 6 in Stealth
   220 | D:1      | Reached XP level 2. HP: 11/14 MP: 3/3
   327 | D:1      | Found a faded altar of an unknown god.
   456 | D:1      | You fall into a shaft and drop 1 floor!
   476 | D:2      | Found a runed translucent door.
   477 | D:2      | Noticed Crazy Yiuf
   506 | D:2      | Noticed Terence
   516 | D:2      | Killed Terence
   517 | D:2      | Reached XP level 3. HP: 18/18 MP: 4/4
   631 | D:1      | Reached skill level 7 in Stealth
  1158 | D:2      | Noticed Sigmund
  1160 | D:2      | Killed Sigmund
  1161 | D:2      | Reached skill level 8 in Stealth
  1161 | D:2      | Reached XP level 4. HP: 22/22 MP: 5/5
  1161 | D:2      | Reached XP level 5. HP: 25/25 MP: 6/6
  1477 | D:2      | Found a snail-covered altar of Cheibriados.
  1492 | D:2      | Became a worshipper of Cheibriados the Contemplative
  1506 | D:2      | Noticed Robin
  1547 | D:2      | Killed Robin
  1548 | D:2      | Reached skill level 5 in Short Blades
  2371 | D:2      | Killed Crazy Yiuf
  2372 | D:2      | Reached skill level 9 in Stealth
  2372 | D:2      | Reached XP level 6. HP: 30/30 MP: 7/7
  2563 | D:3      | Noticed Natasha
  2576 | D:3      | Killed Natasha
  2632 | D:3      | Noticed Natasha
  2636 | D:3      | Killed Natasha
  2704 | D:3      | Noticed Natasha
  2717 | D:3      | Killed Natasha
  3390 | D:3      | Reached * piety under Cheibriados
  3554 | D:4      | Reached skill level 1 in Slings
  3946 | D:4      | Noticed Pikel
  3996 | D:4      | Killed Pikel
  3997 | D:4      | Reached skill level 10 in Stealth
  3997 | D:4      | Reached XP level 7. HP: 22/33 MP: 8/8
  4504 | D:4      | Found a runed translucent gate.
  4504 | D:4      | Found a runed translucent gate.
  4505 | D:4      | Found a runed translucent gate.
  4506 | D:4      | Noticed bearlyready's ghost (novice KoFi)
  4507 | D:4      | Noticed croobank's ghost (weakling DgDe)
  4515 | D:4      | Noticed Ijyb
  4521 | D:4      | Killed Ijyb
  4771 | D:5      | Entered Level 5 of the Dungeon
  4818 | D:5      | Found Datwar's Distillery.
  4833 | D:5      | Found a sand-covered staircase.
  4839 | Ossuary  | Entered an ossuary
  5529 | Ossuary  | Reached XP level 8. HP: 38/38 MP: 9/9
  6036 | D:5      | Bought a potion of heal wounds for 60 gold pieces
  6036 | D:5      | Bought a potion of heal wounds for 60 gold pieces
  6289 | D:6      | Reached skill level 5 in Dodging
  6289 | D:6      | Reached skill level 11 in Stealth
  6311 | D:6      | Reached skill level 1 in Evocations
  6558 | D:6      | Found a staircase to the Ecumenical Temple.
  6778 | D:6      | Found Iwyohy's General Store.
  6807 | D:6      | Bought a scroll of teleportation for 39 gold pieces
  6947 | D:6      | Reached ** piety under Cheibriados
  6948 | D:6      | Reached skill level 5 in Slings
  6957 | D:6      | Reached XP level 9. HP: 37/44 MP: 10/10
  7711 | D:6      | Reached skill level 1 in Invocations
  8154 | D:7      | Reached skill level 12 in Stealth
  8693 | D:7      | Identified the +1 cloak of the Crypt {Rampage rElec rC+}
  8964 | D:7      | Noticed Menkaure
  8966 | D:7      | Killed Menkaure
  8966 | D:7      | Reached *** piety under Cheibriados
  8967 | D:7      | Reached skill level 5 in Evocations
  9193 | D:7      | Noticed Harold
  9199 | D:7      | Mangled by Harold

Illustrated notes

Levels and vault maps discovered:
D:1:      psy_arrival_whirlpool, layout_basic,
          shapermc_ecumenical_altar_flowoftime, chequers_decorated_corner
D:2:      layout_loops_cross, basic_altar, hangedman_decor_points,
          lexackson_kobold_supper, uniq_terence, uniq_robin,
          uniq_crazy_yiuf_cottage, uniq_sigmund
D:3:      layout_basic, uniq_natasha
D:4:      layout_loops_cross, gammafunk_ghost_cemetery, uniq_pikel, uniq_ijyb
D:5:      layout_rooms, serial_shops, nicolae_diamond_shop, enter_ossuary_5
D:6:      layout_rooms, minmay_temple_entry_statues_fountains, serial_shops,
          nicolae_shop_crystal, minmay_crossroads
D:7:      layout_rooms, st_stairs_11, uniq_harold, uniq_menkaure

Skill      XL: |  1  2  3  4  5  6  7  8  9 |
---------------+----------------------------+-----
Stealth        | 6 8 9 10 11 12 | 12.1
Short Blades   | 3 4 5 6 7 |  7.0
Slings         | 2 3 5 6 |  6.0
Dodging        | 3 4 6 7 |  7.3
Fighting       | 3 4 |  4.1
Evocations     | 3 5 |  5.0
Invocations    | 2 |  2.5
Throwing       | |  2.0

Action                   |  1- 3 |  4- 6 |  7- 9 || total
-------------------------+-------+-------+-------++-------
Melee: Dagger            |    77 |   133 |   484 ||   694
 Fire: Hunting sling     |       |    14 |   140 ||   154
Throw: Dart              |     4 |    20 |     1 ||    25
       Throwing net      |       |     4 |     2 ||     6
Evoke: Wand              |       |     3 |    15 ||    18
  Use: Potion            |       |     5 |     2 ||     7
       Scroll            |       |     3 |     5 ||     8
 Stab: Sleeping          |    16 |    11 |    19 ||    46
       Held in net/web   |       |     1 |     1 ||     2
Armor: Robe              |     4 |    11 |    41 ||    56
       Skin              |       |    50 |       ||    50
Dodge: Dodged            |    36 |    74 |   359 ||   469
